 Dungeon Crawl Stone Soup version 0.29.0-4-gdea44cf6ec (webtiles) character file.

Game seed: 10097092238550390961

105192 qw the Warrior (level 15, -36/232 HPs)
             Began as a Minotaur Berserker on Sept 6, 2022.
             Was an Elder of Trog.
             Annihilated by a boulder beetle (46 damage)
             ... on level 1 of the Spider Nest.
             The game lasted 00:10:15 (28773 turns).

qw the Warrior (Minotaur Berserker)                Turns: 28773, Time: 00:10:15

Health: -36/232    AC: 27    Str: 29    XL:     15   Next: 94%
Magic:  14/14      EV: 26    Int:  4    God:    Trog [****..]
Gold:   395        SH: 12    Dex: 10    Spells: 14/14 levels left

rFire   + . .      SeeInvis +   o - +1 broad axe (spect)
rCold   . . .      Faith    .   w - +0 tower shield
rNeg    . . .      Spirit   .   f - +3 plate armour {rF+}
rPois   +          Reflect  .   (helmet restricted)
rElec   .          Harm     .   h - +1 cloak
rCorr   .          Rampage  .   c - +2 pair of gloves
Will    +....                   (no boots)
Stlth   ..........              q - amulet "Weikkam" {Acrobat rPois}
HPRegen 0.48/turn               l - +4 ring of evasion
MPRegen 0.14/turn               p - ring of see invisible

@: berserking (expiring), spiked, acrobatic, very quick
A: horns 2, retaliatory headbutt
a: Renounce Religion, Berserk, Trog's Hand, Brothers in Arms


You were on level 1 of the Spider Nest.
You worshipped Trog.
Trog was greatly pleased with you.
You visited 4 branches of the dungeon, and saw 23 of its levels.
You also visited: Ossuary.

You collected 2226 gold pieces.
You spent 1831 gold pieces at shops.


Innate Abilities, Weirdness & Mutations

You have a pair of horns on your head.
You reflexively headbutt those who attack you in melee.


   Skills:
 - Level 19.8 Fighting
 - Level 18.0 Axes
 - Level 9.0 Throwing
 - Level 17.0 Armour
 - Level 8.0 Dodging
 + Level 5.4 Shields


You had 14 spell levels left.
You didn't know any spells.
Your spell library was empty.

Inventory:

Hand Weapons
 o - a +1 spectral broad axe (weapon)
 u - a +2 war axe of flaming
Missiles
 g - 5 boomerangs (quivered)
Armour
 c - a +2 pair of gloves (worn)
 f - a +3 plate armour of fire resistance (worn)
 h - a +1 cloak (worn)
 s - a +5 plate armour
 w - a +0 tower shield (worn)
Jewellery
 j - a ring of ice
 l - a +4 ring of evasion (left hand)
 n - a ring of protection from fire
 p - a ring of see invisible (right hand)
 q - the amulet "Weikkam" (around neck) {Acrobat rPois}
   (You found it on level 10 of the Dungeon)

   [amulet of the acrobat]

   It increases your evasion while moving and waiting.
   rPois:     It protects you from poison.
 v - a +6 ring of dexterity
Scrolls
 a - 5 scrolls of teleportation
 m - 14 scrolls of identify
Potions
 b - 3 potions of might
 d - 15 potions of curing
 e - 7 potions of mutation
 i - 4 potions of cancellation
 k - 4 potions of heal wounds
 t - 6 potions of haste

Dungeon Overview and Level Annotations

Branches:
Dungeon (15/15)            Temple (0/1) D:4            Lair (5/5) D:10
  Swamp (0/4) Lair:2       Spider (1/4) Lair:3        Slime (0/5) Lair:5
    Orc (2/2) D:12            Elf (0/3) Orc:2        Vaults (0/5) D:14
 Depths (0/4) D:15        Ossuary (visited)

Altars:
Ashenzari
Cheibriados
Elyvilon
Gozag
Hepliaklqana
Kikubaaqudgha
Makhleb
Nemelex Xobeh
Qazlal
Ru
Sif Muna
Trog
Uskayaw
Xom
Yredelemnul
Zin
The Shining One

Shops:
D:8 [*   D:10 =   Orc:2 (([!

Portals:
Trove: D:14 (show slimy rune of Zot)

Annotations:
D:3 4 runed translucent doors, Crazy Yiuf; qw's ghost, amateur MiFi
D:6 1 runed translucent door, qw's ghost, amateur FoCA
D:12 1 runed translucent door
Lair:2 3 runed translucent doors, qw's ghost, journeyman TeWr
Lair:4 3 runed translucent doors, qw's ghost, journeyman FoCA


Message History

You slash the redback simulacrum!
Your +1 spectral broad axe hits the redback simulacrum!!
The redback simulacrum vaporises!
The boulder beetle bites you but does no damage.
You slash the boulder beetle! You headbutt the boulder beetle!
The boulder beetle is heavily wounded.
You barely miss the steelbarb worm.
Your +1 spectral broad axe barely misses the steelbarb worm.
You block the steelbarb worm's attack.
You slice the boulder beetle!!
The boulder beetle is severely wounded.
You hit the steelbarb worm but do no damage.
Your +1 spectral broad axe hits the steelbarb worm!
The boulder beetle leaps!
The steelbarb worm hits you!
Barbed spikes become lodged in your body.
You slice the steelbarb worm!!
The steelbarb worm is severely wounded.
Your +1 spectral broad axe hits the steelbarb worm.
The jumping spider simulacrum closely misses your +1 spectral broad axe.
The jumping spider simulacrum misses your +1 spectral broad axe.
The steelbarb worm hits you but does no damage.
Your +1 spectral broad axe is engulfed in freezing vapours.
The boulder beetle curls into a ball and begins rolling!
You slash the steelbarb worm! You headbutt the steelbarb worm.
The steelbarb worm is almost dead.
Your +1 spectral broad axe hits the steelbarb worm!
You kill the steelbarb worm!
Trog accepts your kill.
Your +1 spectral broad axe closely misses the jumping spider simulacrum.
A freezing mist starts to gather...
A steelbarb worm simulacrum comes into view.
Your +1 spectral broad axe is engulfed in freezing vapours.
The jumping spider simulacrum barely misses your +1 spectral broad axe.
The jumping spider simulacrum bites your +1 spectral broad axe but does no damage.
Your +1 spectral broad axe is engulfed in freezing vapours.
The barbed spikes dig painfully into your body as you move.
The jumping spider simulacrum misses you.
The jumping spider simulacrum completely misses you.
The boulder beetle hits you!!!
You die...

....#..#.. ...#.... #^.#
#..#.!.^ #.... .
#......##.....
..#[.....#....).
.........#...... ##
##.....0..Z...=. ######..
.......%0......^##......#
........@Z..#####.......^
######..B..##......%...##
#^...0...#.s..^.%.%...#
##...........0(Z<.#..##
.....#......0ยค....# ...
.......#....(.####### ..
......##........ . ......
......... ...... #....#.


You could see a boulder beetle (rolling, soul bound), a jumping spider
simulacrum and a steelbarb worm simulacrum.

Vanquished Creatures
  Rupert (Lair:4)
  Frances (D:14)
  An orc warlord (Orc:2)
  Snorg (D:11)
  Harold (D:9)
  3 hydras
  Fannar (D:11)
  3 boulder beetles
  An ogre mage (D:14)
  8 two-headed ogres
  4 centaur warriors
  A jorogumo (Spider:1)
  A death knight (D:15)
  2 tengu warriors
  Urug (D:11)
  2 orc high priests (Orc:2)
  2 pharaoh ants (Spider:1)
  A goliath frog (Lair:5)
  4 skeletal warriors (D:11)
  A steelbarb worm (Spider:1)
  A wizard (D:15)
  A necromancer (D:14)
  2 orc knights (Orc:1)
  2 deep elf pyromancers
  8 cyclopes
  3 oklob plants (Lair:5)
  2 wolf spiders (Spider:1)
  12 ugly things
  2 manticores
  A guardian serpent (shapeshifter) (D:10)
  7 elephants
  A water nymph (shapeshifter) (D:13)
  2 gargoyles
  2 torpor snails
  3 black mambas
  2 kobold demonologists
  Maurice (D:8)
  28 cane toads
  4 rime drakes
  9 komodo dragons
  3 meliai (D:13)
  5 trolls
  6 tarantellas (Spider:1)
  Grinder (D:4)
  12 slime creatures
  4 tyrant leeches (Lair:5)
  27 blink frogs
  7 jumping spiders
  5 shadows
  2 culicivoras (Spider:1)
  A spriggan (shapeshifter) (D:13)
  10 wraiths
  52 yaks
  6 wyverns
  4 basilisks
  3 vampires
  11 fire bats (D:12)
  7 vampire mosquitoes
  Grum (Lair:1)
  8 redbacks
  6 wargs
  Duvessa (D:4)
  Edmund (D:4)
  An acid dragon (D:12)
  19 water moccasins
  A swamp drake (Lair:2)
  29 orc warriors
  A swamp drake (shapeshifter) (D:13)
  A sky beast (D:6)
  2 ice beasts (D:7)
  A black bear (D:3)
  14 wolves
  9 ogres
  A boggart (D:14)
  20 centaurs
  2 phantoms (D:5)
  5 kobold brigands (D:12)
  16 bullfrogs
  2 scorpions (D:4)
  5 necrophages
  14 wights
  3 water moccasin zombies (Ossuary)
  Dowan (D:4)
  4 killer bees
  2 electric eels (D:7)
  2 howler monkeys
  23 orc priests
  6 hounds
  3 jellies
  7 iguanas
  50 orc wizards
  Ijyb (D:3)
  A scorpion zombie (D:3)
  2 mummies (Ossuary)
  12 adders
  A shadow imp (D:6)
  2 white imps
  2 ufetubi
  12 adder zombies
  A worm (shapeshifter) (D:13)
  3 worms
  2 dart slugs
  97 orcs
  6 endoplasms
  2 giant cockroaches
  2 gnoll zombies (Ossuary)
  7 goblins
  7 hobgoblins
  6 jackals
  3 quokkas
  9 ball pythons
  85 bats
  A frilled lizard (D:1)
  4 hobgoblin zombies (Ossuary)
  9 kobolds
  2 kobold zombies (Ossuary)
  2 orc zombies (Ossuary)
  3 rats (D:2)
844 creatures vanquished.

Vanquished Creatures (collateral kills)
  A fire giant (D:15)
  An ettin (Orc:2)
  A boulder beetle (D:10)
  3 hydras
  An ogre mage (D:15)
  A two-headed ogre (D:15)
  An orc knight (D:10)
  A deep elf pyromancer (D:14)
  A slime creature (D:10)
  A jumping spider (Spider:1)
  A centaur simulacrum (D:14)
  A water moccasin (Lair:3)
  4 orc warriors (Orc:2)
  A wolf (Lair:1)
  An ogre (D:15)
  An orc (Orc:2)
21 creatures vanquished.

Vanquished Creatures (others)
  An ufetubus (D:7)
  A goblin (D:4)
  24 fungi
  83 plants
109 creatures vanquished.

Grand Total: 974 creatures vanquished

Notes
Turn   | Place    | Note
-------+----------+-------------------------------------------
     0 | D:1      | qw the Minotaur Berserker began the quest for the Orb.
     0 | D:1      | Reached XP level 1. HP: 19/19 MP: 0/0
     0 | D:1      | 0 ||| qw: Version: 0.1-a-107-g9ff403c
     0 | D:1      | 0 ||| qw: Game counter: 6069
     0 | D:1      | 0 ||| qw: Always use a shield: true
     0 | D:1      | 0 ||| qw: Do Orc after D:15 true
     0 | D:1      | 0 ||| qw: Do second Lair branch before Depths: true
     0 | D:1      | 0 ||| qw: Lair rune preference: random
     0 | D:1      | 0 ||| qw: Plans: Normal
     0 | D:1      | 0 ||| PLANNING D:1-11
   247 | D:1      | Reached XP level 2. HP: 26/26 MP: 1/1
   787 | D:1      | 787 ||| UPGRADING to +0 ring mail.
   797 | D:1      | 797 ||| DROPPING +0 animal skin.
   798 | D:1      | 798 ||| UPGRADING to +0 scale mail.
   808 | D:1      | 808 ||| DROPPING +0 ring mail.
   809 | D:1      | 809 ||| READING scroll labelled EVIVOPIZOT.
   810 | D:1      | 810 ||| READING scroll labelled LAHIUNGOSITS.
   811 | D:1      | 811 ||| READING scroll labelled ZUMICA XUCUAHO.
   812 | D:1      | 812 ||| READING scroll labelled EPOASUATIA.
   813 | D:1      | 813 ||| DRINKING 2 grey potions.
   913 | D:2      | 913 ||| Stepping ~*~*~tactically~*~*~ (stealth).
   924 | D:2      | 924 ||| Stepping ~*~*~tactically~*~*~ (stealth).
   941 | D:2      | Reached XP level 3. HP: 31/31 MP: 2/2
   941 | D:2      | Reached ** piety under Trog
  1004 | D:2      | Reached skill level 1 in Throwing
  1030 | D:2      | 1030 ||| Stepping ~*~*~tactically~*~*~ (stealth).
  1031 | D:2      | 1031 ||| Stepping ~*~*~tactically~*~*~ (stealth).
  1066 | D:2      | 1066 ||| DROPPING +0 club.
  1521 | D:2      | 1521 ||| READING scroll labelled PYIJOY VORPHOSO.
  1522 | D:2      | 1522 ||| READING scroll labelled YZXAMU OFUSE.
  1523 | D:2      | 1523 ||| DROPPING +0 whip.
  1545 | D:3      | 1545 ||| Stepping ~*~*~tactically~*~*~ (stealth).
  1548 | D:3      | 1548 ||| Stepping ~*~*~tactically~*~*~ (stealth).
  1557 | D:3      | 1557 ||| Stepping ~*~*~tactically~*~*~ (stealth).
  1572 | D:3      | 1572 ||| INVOKING Berserk.
  1574 | D:3      | Reached XP level 4. HP: 39/39 MP: 3/3
  1682 | D:3      | Reached skill level 6 in Axes
  1741 | D:3      | Found a runed translucent gate.
  1741 | D:3      | Found a runed translucent gate.
  1741 | D:3      | Found an opulent altar of Gozag.
  1741 | D:3      | Found a runed translucent gate.
  1741 | D:3      | Noticed qw's ghost (amateur MiFi)
  1886 | D:3      | Noticed a black bear
  1890 | D:3      | 1890 ||| INVOKING Berserk.
  1891 | D:3      | Killed a black bear
  1892 | D:3      | Reached XP level 5. HP: 45/45 MP: 4/4
  1911 | D:3      | 1911 ||| Stepping ~*~*~tactically~*~*~ (stealth).
  2238 | D:3      | Noticed Ijyb
  2241 | D:3      | 2241 ||| INVOKING Berserk.
  2246 | D:3      | Killed Ijyb
  2247 | D:3      | Reached skill level 4 in Fighting
  2494 | D:3      | Found a basalt altar of Yredelemnul.
  2653 | D:3      | Found a runed translucent door.
  2654 | D:3      | Noticed Crazy Yiuf
  2699 | D:3      | Found a faded altar of an unknown god.
  2700 | D:3      | 2700 ||| Stepping ~*~*~tactically~*~*~ (hiding).
  2705 | D:3      | 2705 ||| INVOKING Berserk.
  2708 | D:3      | Reached XP level 6. HP: 52/52 MP: 5/5
  2837 | D:3      | Found a sacrificial altar of Ru.
  2947 | D:3      | 2947 ||| UPGRADING to +0 chain mail.
  2957 | D:3      | 2957 ||| DROPPING +0 scale mail.
  2958 | D:3      | 2958 ||| UPGRADING to amulet of the acrobat.
  2963 | D:3      | 2963 ||| UPGRADING to ring of positive energy.
  2964 | D:3      | 2964 ||| READING 2 scrolls labelled PENOSAPRIA.
  2965 | D:3      | 2965 ||| DRINKING 2 inky potions.
  2966 | D:3      | 2966 ||| DRINKING 2 lumpy black potions.
  2967 | D:3      | 2967 ||| READING 3 scrolls of identify.
  2967 | D:3      | 2967 ||| IDENTIFYING bubbling green potion
  2968 | D:3      | 2968 ||| READING 2 scrolls of identify.
  2968 | D:3      | 2968 ||| IDENTIFYING coppery potion
  2969 | D:3      | 2969 ||| DROPPING potion of berserk rage.
  2970 | D:3      | 2970 ||| DROPPING potion of degeneration.
  3139 | D:4      | 3139 ||| SWAPPING to +0 war axe.
  3142 | D:4      | 3142 ||| INVOKING Berserk.
  3287 | D:4      | Reached skill level 9 in Axes
  3291 | D:4      | Noticed Duvessa
  3292 | D:4      | 3292 ||| Stepping ~*~*~tactically~*~*~ (stealth).
  3294 | D:4      | 3294 ||| INVOKING Berserk.
  3297 | D:4      | Noticed Dowan
  3304 | D:4      | Killed Duvessa
  3305 | D:4      | Reached skill level 5 in Fighting
  3305 | D:4      | Reached XP level 7. HP: 61/61 MP: 6/6
  3321 | D:4      | HP: 13/61 [Dowan/shard of ice (12)]
  3322 | D:4      | 3322 ||| DRINKING potion of heal wounds.
  3329 | D:4      | 3329 ||| FLEEEEING.
  3330 | D:4      | Killed Dowan
  3331 | D:4      | Reached skill level 3 in Armour
  3331 | D:4      | 3331 ||| FLEEEEING.
  3332 | D:4      | 3332 ||| FLEEEEING.
  3333 | D:4      | 3333 ||| FLEEEEING.
  3334 | D:4      | 3334 ||| FLEEEEING.
  3335 | D:4      | 3335 ||| FLEEEEING.
  3336 | D:4      | 3336 ||| FLEEEEING.
  3337 | D:4      | 3337 ||| FLEEEEING.
  3338 | D:4      | 3338 ||| FLEEEEING.
  3339 | D:4      | 3339 ||| FLEEEEING.
  3340 | D:4      | 3340 ||| FLEEEEING.
  3341 | D:4      | 3341 ||| FLEEEEING.
  3342 | D:4      | 3342 ||| FLEEEEING.
  3343 | D:4      | 3343 ||| FLEEEEING.
  3344 | D:4      | 3344 ||| STAIRDANCE
  3464 | D:3      | 3464 ||| READING 2 scrolls of identify.
  3464 | D:3      | 3464 ||| IDENTIFYING metallic white potion
  3465 | D:3      | 3465 ||| DROPPING potion of lignification.
  3468 | D:4      | 3468 ||| INVOKING Berserk.
  3476 | D:4      | 3476 ||| STAIRDANCE
  3976 | D:4      | Found a staircase to the Ecumenical Temple.
  4007 | D:4      | Noticed Grinder
  4008 | D:4      | 4008 ||| Stepping ~*~*~tactically~*~*~ (hiding).
  4011 | D:4      | 4011 ||| Stepping ~*~*~tactically~*~*~ (hiding).
  4014 | D:4      | 4014 ||| INVOKING Trog's Hand.
  4015 | D:4      | 4015 ||| INVOKING Berserk.
  4018 | D:4      | Killed Grinder
  4026 | D:4      | 4026 ||| Stepping ~*~*~tactically~*~*~ (stealth).
  4161 | D:4      | Noticed Edmund
  4163 | D:4      | 4163 ||| Stepping ~*~*~tactically~*~*~ (stealth).
  4165 | D:4      | 4165 ||| INVOKING Berserk.
  4170 | D:4      | Reached XP level 8. HP: 68/68 MP: 7/7
  4174 | D:4      | Killed Edmund
  4175 | D:4      | Reached skill level 3 in Throwing
  4252 | D:4      | Reached skill level 6 in Fighting
  4502 | D:4      | 4502 ||| UPGRADING to +2 ring mail of poison resistance.
  4512 | D:4      | 4512 ||| UPGRADING to ring of see invisible.
  4513 | D:4      | 4513 ||| READING scroll labelled TISETI NOTEI.
  4518 | D:4      | 4518 ||| READING scroll labelled TICYUM VAJ RUO.
  4519 | D:4      | 4519 ||| READING scroll labelled WAUFISICIV.
  4520 | D:4      | 4520 ||| DRINKING 2 glowing green potions.
  4671 | D:5      | Entered Level 5 of the Dungeon
  4672 | D:5      | 4672 ||| PLANNING OSSUARY
  4683 | D:5      | 4683 ||| STAIRDANCE
  4893 | D:5      | 4893 ||| INVOKING Berserk.
  5012 | D:5      | 5012 ||| INVOKING Berserk.
  5015 | D:5      | Reached skill level 12 in Axes
  5019 | D:5      | 5019 ||| FLEEEEING.
  5020 | D:5      | 5020 ||| FLEEEEING.
  5021 | D:5      | 5021 ||| FLEEEEING.
  5022 | D:5      | 5022 ||| FLEEEEING.
  5023 | D:5      | 5023 ||| FLEEEEING.
  5024 | D:5      | 5024 ||| FLEEEEING.
  5025 | D:5      | 5025 ||| FLEEEEING.
  5026 | D:5      | 5026 ||| FLEEEEING.
  5027 | D:5      | 5027 ||| FLEEEEING.
  5028 | D:5      | 5028 ||| FLEEEEING.
  5147 | D:5      | Found a sand-covered staircase.
  5152 | Ossuary  | Entered an ossuary
  5184 | Ossuary  | Reached *** piety under Trog
  5202 | Ossuary  | Reached skill level 7 in Fighting
  5258 | Ossuary  | 5258 ||| Stepping ~*~*~tactically~*~*~ (stealth).
  5379 | Ossuary  | 5379 ||| DRINKING 3 yellow potions.
  5380 | Ossuary  | 5380 ||| DRINKING 2 black potions.
  5481 | Ossuary  | 5481 ||| DRINKING 2 purple potions.
  5482 | Ossuary  | 5482 ||| DROPPING 2 potions of attraction.
  5483 | Ossuary  | 5483 ||| DROPPING potion of ambrosia.
  5489 | D:5      | 5489 ||| PLANNING D:1-11
  5506 | D:5      | Found a bloodstained altar of Trog.
  5550 | D:5      | 5550 ||| Stepping ~*~*~tactically~*~*~ (hiding).
  5553 | D:5      | 5553 ||| INVOKING Berserk.
  5559 | D:5      | Reached XP level 9. HP: 74/79 MP: 8/8
  5822 | D:5      | 5822 ||| Stepping ~*~*~tactically~*~*~ (stealth).
  5824 | D:5      | 5824 ||| Stepping ~*~*~tactically~*~*~ (stealth).
  6079 | D:5      | 6079 ||| DROPPING +0 chain mail.
  6080 | D:5      | 6080 ||| UPGRADING to +0 plate armour.
  6090 | D:5      | 6090 ||| DROPPING +2 ring mail of poison resistance.
  6091 | D:5      | 6091 ||| READING 2 scrolls of enchant armour.
  6091 | D:5      | 6091 ||| ENCHANTING +0 plate armour.
  6092 | D:5      | 6092 ||| READING scroll of enchant armour.
  6092 | D:5      | 6092 ||| ENCHANTING +1 plate armour.
  6093 | D:5      | 6093 ||| READING scroll labelled UTAMAONISK.
  6094 | D:5      | 6094 ||| READING 2 scrolls of identify.
  6094 | D:5      | 6094 ||| IDENTIFYING fuming orange potion
  6095 | D:5      | 6095 ||| DROPPING potion of brilliance.
  6159 | D:6      | Found an opulent altar of Gozag.
  6159 | D:6      | Found a sparkling altar of Nemelex Xobeh.
  6315 | D:6      | 6315 ||| Stepping ~*~*~tactically~*~*~ (hiding).
  6469 | D:6      | 6469 ||| Stepping ~*~*~tactically~*~*~ (hiding).
  6503 | D:6      | 6503 ||| Stepping ~*~*~tactically~*~*~ (hiding).
  6505 | D:6      | 6505 ||| Stepping ~*~*~tactically~*~*~ (hiding).
  6619 | D:6      | 6619 ||| Stepping ~*~*~tactically~*~*~ (hiding).
  6625 | D:6      | Reached **** piety under Trog
  6655 | D:6      | Found a hide-covered altar of Uskayaw.
  6695 | D:6      | 6695 ||| READING scroll of enchant armour.
  6695 | D:6      | 6695 ||| ENCHANTING +2 plate armour.
  6788 | D:6      | Reached skill level 8 in Fighting
  6811 | D:6      | Reached skill level 6 in Armour
  6927 | D:6      | 6927 ||| DRINKING 3 potions of curing.
  6927 | D:6      | 6927 ||| (to cure confusion)
  7178 | D:6      | Found a runed translucent door.
  7184 | D:6      | Noticed qw's ghost (amateur FoCA)
  7281 | D:6      | 7281 ||| DROPPING +0 chain mail of positive energy.
  7282 | D:6      | 7282 ||| READING scroll labelled ZEIWUSTAXIH.
  7283 | D:6      | 7283 ||| READING 2 scrolls of identify.
  7283 | D:6      | 7283 ||| IDENTIFYING dark potion
  7284 | D:6      | 7284 ||| DROPPING potion of flight.
  7299 | D:7      | Found a hazy altar of Hepliaklqana.
  7308 | D:7      | 7308 ||| READING scroll of enchant armour.
  7308 | D:7      | 7308 ||| ENCHANTING +3 plate armour.
  7322 | D:7      | Noticed a gargoyle
  7338 | D:7      | Killed a gargoyle
  7505 | D:7      | Reached XP level 10. HP: 88/88 MP: 9/9
  7523 | D:7      | 7523 ||| READING 3 scrolls of enchant weapon.
  7523 | D:7      | 7523 ||| ENCHANTING +1 war axe.
  7524 | D:7      | 7524 ||| READING 2 scrolls of enchant weapon.
  7524 | D:7      | 7524 ||| ENCHANTING +2 war axe.
  7525 | D:7      | 7525 ||| READING scroll of enchant weapon.
  7525 | D:7      | 7525 ||| ENCHANTING +3 war axe.
  7541 | D:7      | 7541 ||| Stepping ~*~*~tactically~*~*~ (water).
  7588 | D:7      | 7588 ||| FLEEEEING.
  7724 | D:7      | 7724 ||| Stepping ~*~*~tactically~*~*~ (stealth).
  7726 | D:7      | 7726 ||| Stepping ~*~*~tactically~*~*~ (stealth).
  7729 | D:7      | 7729 ||| Stepping ~*~*~tactically~*~*~ (hiding).
  7730 | D:7      | 7730 ||| Stepping ~*~*~tactically~*~*~ (hiding).
  7731 | D:7      | 7731 ||| Stepping ~*~*~tactically~*~*~ (hiding).
  7732 | D:7      | Found a shimmering altar of Xom.
  7747 | D:7      | 7747 ||| FLEEEEING.
  7751 | D:7      | 7751 ||| FLEEEEING.
  7756 | D:7      | 7756 ||| FLEEEEING.
  7757 | D:7      | 7757 ||| FLEEEEING.
  7758 | D:7      | 7758 ||| FLEEEEING.
  7759 | D:7      | 7759 ||| FLEEEEING.
  7760 | D:7      | 7760 ||| FLEEEEING.
  7761 | D:7      | 7761 ||| FLEEEEING.
  7762 | D:7      | 7762 ||| FLEEEEING.
  7763 | D:7      | 7763 ||| FLEEEEING.
  7764 | D:7      | 7764 ||| FLEEEEING.
  7765 | D:7      | 7765 ||| FLEEEEING.
  7766 | D:7      | 7766 ||| FLEEEEING.
  7767 | D:7      | 7767 ||| FLEEEEING.
  7768 | D:7      | 7768 ||| FLEEEEING.
  7769 | D:7      | 7769 ||| FLEEEEING.
  7770 | D:7      | 7770 ||| STAIRDANCE
  7883 | D:6      | 7883 ||| UPGRADING to +0 pair of gloves.
  7888 | D:6      | 7888 ||| READING 2 scrolls of identify.
  7888 | D:6      | 7888 ||| IDENTIFYING fuming silvery potion
  7889 | D:6      | 7889 ||| DROPPING potion of magic.
  7952 | D:7      | 7952 ||| Stepping ~*~*~tactically~*~*~ (stealth).
  7953 | D:7      | 7953 ||| Stepping ~*~*~tactically~*~*~ (stealth).
  7957 | D:7      | 7957 ||| INVOKING Berserk.
  8090 | D:7      | 8090 ||| INVOKING Berserk.
  8227 | D:7      | 8227 ||| FLEEEEING.
  8355 | D:7      | Noticed a red ugly thing
  8359 | D:7      | 8359 ||| INVOKING Berserk.
  8363 | D:7      | Killed a red ugly thing
  8369 | D:7      | Reached skill level 15 in Axes
  8660 | D:7      | 8660 ||| READING 3 scrolls of enchant armour.
  8660 | D:7      | 8660 ||| ENCHANTING +0 pair of gloves.
  8661 | D:7      | 8661 ||| READING 2 scrolls of enchant armour.
  8661 | D:7      | 8661 ||| ENCHANTING +1 pair of gloves.
  8662 | D:7      | 8662 ||| READING scroll of enchant armour.
  8662 | D:7      | 8662 ||| ENCHANTING +4 plate armour.
  8816 | D:7      | 8816 ||| READING scroll labelled FUCET ROROCZAKK.
  8843 | D:8      | 8843 ||| Stepping ~*~*~tactically~*~*~ (stealth).
  8847 | D:8      | 8847 ||| INVOKING Berserk.
  8950 | D:8      | Noticed Maurice
  8951 | D:8      | 8951 ||| FLEEEEING.
  8952 | D:8      | 8952 ||| FLEEEEING.
  8953 | D:8      | 8953 ||| FLEEEEING.
  8954 | D:8      | 8954 ||| FLEEEEING.
  8955 | D:8      | 8955 ||| FLEEEEING.
  8956 | D:8      | 8956 ||| FLEEEEING.
  8957 | D:8      | 8957 ||| FLEEEEING.
  8958 | D:8      | 8958 ||| FLEEEEING.
  8967 | D:8      | Killed Maurice
  8968 | D:8      | Reached skill level 9 in Fighting
  9000 | D:8      | 9000 ||| READING scroll of enchant weapon.
  9000 | D:8      | 9000 ||| ENCHANTING +4 war axe.
  9003 | D:8      | 9003 ||| Stepping ~*~*~tactically~*~*~ (hiding).
  9004 | D:8      | 9004 ||| INVOKING Berserk.
  9141 | D:8      | 9141 ||| Stepping ~*~*~tactically~*~*~ (hiding).
  9142 | D:8      | 9142 ||| Stepping ~*~*~tactically~*~*~ (hiding).
  9143 | D:8      | 9143 ||| Stepping ~*~*~tactically~*~*~ (hiding).
  9248 | D:8      | Found a stormy altar of Qazlal.
  9279 | D:8      | 9279 ||| Stepping ~*~*~tactically~*~*~ (stealth).
  9282 | D:8      | 9282 ||| Stepping ~*~*~tactically~*~*~ (hiding).
  9284 | D:8      | 9284 ||| INVOKING Berserk.
  9398 | D:8      | Found Zeurr's Antique Armour Boutique.
  9450 | D:8      | Found a white marble altar of Elyvilon.
  9450 | D:8      | Found a glowing silver altar of Zin.
  9450 | D:8      | Found a glowing golden altar of the Shining One.
  9477 | D:8      | Found Qaonnele's General Store.
  9488 | D:8      | 9488 ||| BUYING potion of curing (39 gold).
  9488 | D:8      | Bought a potion of curing for 39 gold pieces
  9488 | D:8      | 9488 ||| BUYING scroll of identify (26 gold).
  9488 | D:8      | Bought a scroll of identify for 26 gold pieces
  9488 | D:8      | 9488 ||| BUYING scroll of identify (26 gold).
  9488 | D:8      | Bought a scroll of identify for 26 gold pieces
  9543 | D:8      | 9543 ||| SHOPLISTING shiny plate armour (754 gold, have
                  | 338).
  9569 | D:8      | 9569 ||| Stepping ~*~*~tactically~*~*~ (stealth).
  9641 | D:8      | 9641 ||| UPGRADING to +0 cloak.
  9817 | D:9      | Noticed a two-headed ogre
  9821 | D:9      | 9821 ||| INVOKING Berserk.
  9827 | D:9      | Killed a two-headed ogre
 10202 | D:9      | 10202 ||| Stepping ~*~*~tactically~*~*~ (stealth).
 10203 | D:9      | 10203 ||| Stepping ~*~*~tactically~*~*~ (stealth).
 10343 | D:9      | Reached XP level 11. HP: 97/97 MP: 10/10
 10454 | D:9      | Noticed Harold
 10455 | D:9      | 10455 ||| Stepping ~*~*~tactically~*~*~ (hiding).
 10456 | D:9      | 10456 ||| Stepping ~*~*~tactically~*~*~ (hiding).
 10459 | D:9      | 10459 ||| INVOKING Berserk.
 10474 | D:9      | Killed Harold
 10712 | D:9      | Identified the +4 quarterstaff of Rubbish {speed, +Blink
                  | rPois}
 10821 | D:10     | Entered Level 10 of the Dungeon
 10829 | D:10     | Found Inuygut's Jewellery Shop.
 10831 | D:10     | 10831 ||| Stepping ~*~*~tactically~*~*~ (stealth).
 10888 | D:10     | 10888 ||| BUYING +4 ring of evasion (432 gold).
 10888 | D:10     | Bought a +4 ring of evasion for 432 gold pieces
 10888 | D:10     | 10888 ||| SHOPLISTING +4 ring of protection (432 gold, have
                  | 4).
 10888 | D:10     | 10888 ||| SHOPLISTING +6 ring of strength (432 gold, have
                  | 4).
 10888 | D:10     | 10888 ||| SHOPLISTING amulet of reflection (360 gold, have
                  | 4).
 10912 | D:10     | Reached skill level 10 in Fighting
 10915 | D:10     | Reached skill level 9 in Armour
 10998 | D:10     | Found a broken altar of Ashenzari.
 11004 | D:10     | 11004 ||| READING scroll of enchant armour.
 11004 | D:10     | 11004 ||| ENCHANTING +0 cloak.
 11107 | D:10     | Found a snail-covered altar of Cheibriados.
 11139 | D:10     | 11139 ||| Stepping ~*~*~tactically~*~*~ (hiding).
 11140 | D:10     | 11140 ||| Stepping ~*~*~tactically~*~*~ (hiding).
 11143 | D:10     | 11143 ||| Stepping ~*~*~tactically~*~*~ (stealth).
 11150 | D:10     | Reached ***** piety under Trog
 11170 | D:10     | 11170 ||| Stepping ~*~*~tactically~*~*~ (hiding).
 11172 | D:10     | 11172 ||| Stepping ~*~*~tactically~*~*~ (hiding).
 11199 | D:10     | 11199 ||| INVOKING Berserk.
 11523 | D:10     | Noticed a two-headed ogre
 11524 | D:10     | 11524 ||| INVOKING Berserk.
 11530 | D:10     | Reached skill level 11 in Fighting
 11532 | D:10     | Killed a two-headed ogre
 11676 | D:10     | Noticed a four-headed hydra
 11676 | D:10     | Noticed a boulder beetle
 11676 | D:10     | Noticed a boulder beetle
 11677 | D:10     | 11677 ||| Stepping ~*~*~tactically~*~*~ (hiding).
 11678 | D:10     | 11678 ||| Stepping ~*~*~tactically~*~*~ (hiding).
 11680 | D:10     | 11680 ||| INVOKING Brothers in Arms.
 11681 | D:10     | 11681 ||| SWAPPING to +0 hand axe of flaming.
 11682 | D:10     | 11682 ||| INVOKING Berserk.
 11684 | D:10     | Killed a three-headed hydra
 11689 | D:10     | Reached skill level 12 in Fighting
 11691 | D:10     | Killed a boulder beetle
 11699 | D:10     | 11699 ||| SWAPPING to +5 war axe.
 11702 | D:10     | Noticed an orc knight
 11702 | D:10     | Killed an orc knight
 11729 | D:10     | 11729 ||| INVOKING Berserk.
 11736 | D:10     | Killed a boulder beetle
 11869 | D:10     | 11869 ||| SWAPPING to +0 broad axe.
 11870 | D:10     | 11870 ||| DROPPING +5 war axe.
 11874 | D:10     | Identified the amulet "Weikkam" {Acrobat rPois}
 11900 | D:10     | Noticed a tengu warrior
 11925 | D:10     | Killed a tengu warrior
 11926 | D:10     | Reached XP level 12. HP: 63/113 MP: 11/11
 12383 | D:10     | 12383 ||| Stepping ~*~*~tactically~*~*~ (hiding).
 12490 | D:10     | Found a staircase to the Lair.
 12569 | D:10     | 12569 ||| PLANNING LAIR
 12569 | D:10     | 12569 ||| UPGRADING to amulet "Weikkam" {Acrobat rPois}.
 12579 | D:10     | 12579 ||| DROPPING amulet of the acrobat.
 12580 | D:10     | 12580 ||| DROPPING ring of ice.
 12581 | D:10     | 12581 ||| UPGRADING to +4 ring of evasion.
 12602 | Lair:1   | Entered Level 1 of the Lair of Beasts
 12609 | Lair:1   | 12609 ||| INVOKING Berserk.
 12711 | Lair:1   | Noticed Grum
 12712 | Lair:1   | 12712 ||| Stepping ~*~*~tactically~*~*~ (hiding).
 12714 | Lair:1   | 12714 ||| Stepping ~*~*~tactically~*~*~ (hiding).
 12715 | Lair:1   | 12715 ||| Stepping ~*~*~tactically~*~*~ (hiding).
 12716 | Lair:1   | 12716 ||| Stepping ~*~*~tactically~*~*~ (hiding).
 12720 | Lair:1   | 12720 ||| Stepping ~*~*~tactically~*~*~ (stealth).
 12721 | Lair:1   | 12721 ||| INVOKING Brothers in Arms.
 12723 | Lair:1   | 12723 ||| INVOKING Berserk.
 12728 | Lair:1   | Killed Grum
 12874 | Lair:1   | 12874 ||| Stepping ~*~*~tactically~*~*~ (hiding).
 12876 | Lair:1   | 12876 ||| Stepping ~*~*~tactically~*~*~ (hiding).
 13126 | Lair:1   | Found a hazy altar of Hepliaklqana.
 13273 | Lair:1   | Reached skill level 18 in Axes
 13656 | Lair:2   | 13656 ||| STAIRDANCE
 13666 | Lair:2   | 13666 ||| INVOKING Berserk.
 13672 | Lair:2   | 13672 ||| STAIRDANCE
 13825 | Lair:2   | Found a staircase to the Swamp.
 13832 | Lair:2   | Reached skill level 13 in Fighting
 14016 | Lair:2   | Noticed a six-headed hydra
 14017 | Lair:2   | 14017 ||| INVOKING Brothers in Arms.
 14019 | Lair:2   | 14019 ||| SWAPPING to +0 hand axe of flaming.
 14020 | Lair:2   | 14020 ||| INVOKING Berserk.
 14027 | Lair:2   | Killed a one-headed hydra
 14074 | Lair:2   | 14074 ||| SWAPPING to +0 broad axe.
 14525 | Lair:2   | Found a runed translucent gate.
 14526 | Lair:2   | Found a runed translucent gate.
 14527 | Lair:2   | Found a runed translucent gate.
 14528 | Lair:2   | Noticed qw's ghost (journeyman TeWr)
 14537 | Lair:2   | 14537 ||| DROPPING +2 war axe of draining.
 14822 | Lair:2   | 14822 ||| DROPPING +0 pair of gloves of dexterity.
 14823 | Lair:2   | 14823 ||| READING scroll labelled YPELLOIRONK.
 14918 | Lair:3   | Reached skill level 12 in Armour
 14932 | Lair:3   | Noticed a seven-headed hydra
 14934 | Lair:3   | 14934 ||| INVOKING Brothers in Arms.
 14935 | Lair:3   | 14935 ||| INVOKING Brothers in Arms.
 14936 | Lair:3   | 14936 ||| INVOKING Brothers in Arms.
 14937 | Lair:3   | 14937 ||| SWAPPING to +0 hand axe of flaming.
 14938 | Lair:3   | 14938 ||| INVOKING Berserk.
 14940 | Lair:3   | Killed a five-headed hydra
 14958 | Lair:3   | 14958 ||| SWAPPING to +0 broad axe.
 15210 | Lair:3   | Found a hole to the Spider Nest.
 15409 | Lair:3   | 15409 ||| Stepping ~*~*~tactically~*~*~ (stealth).
 15432 | Lair:3   | Reached skill level 14 in Fighting
 15516 | Lair:3   | 15516 ||| READING scroll of brand weapon.
 15516 | Lair:3   | 15516 ||| BRANDING +0 broad axe.
 15526 | Lair:3   | 15526 ||| Stepping ~*~*~tactically~*~*~ (stealth).
 15549 | Lair:3   | Reached XP level 13. HP: 116/124 MP: 12/12
 15578 | Lair:3   | 15578 ||| FLEEEEING.
 15579 | Lair:3   | 15579 ||| FLEEEEING.
 15580 | Lair:3   | 15580 ||| FLEEEEING.
 15581 | Lair:3   | 15581 ||| FLEEEEING.
 15582 | Lair:3   | 15582 ||| FLEEEEING.
 15583 | Lair:3   | 15583 ||| FLEEEEING.
 15584 | Lair:3   | 15584 ||| FLEEEEING.
 15585 | Lair:3   | 15585 ||| FLEEEEING.
 15586 | Lair:3   | 15586 ||| FLEEEEING.
 15587 | Lair:3   | 15587 ||| FLEEEEING.
 15590 | Lair:3   | 15590 ||| FLEEEEING.
 15591 | Lair:3   | 15591 ||| FLEEEEING.
 15592 | Lair:3   | 15592 ||| FLEEEEING.
 15593 | Lair:3   | 15593 ||| FLEEEEING.
 15594 | Lair:3   | 15594 ||| FLEEEEING.
 15595 | Lair:3   | 15595 ||| FLEEEEING.
 15596 | Lair:3   | 15596 ||| FLEEEEING.
 15597 | Lair:3   | 15597 ||| FLEEEEING.
 15598 | Lair:3   | 15598 ||| FLEEEEING.
 15599 | Lair:3   | 15599 ||| STAIRDANCE
 15601 | Lair:2   | 15601 ||| READING 7 scrolls of identify.
 15601 | Lair:2   | 15601 ||| IDENTIFYING ruby potion
 15604 | Lair:3   | 15604 ||| INVOKING Berserk.
 15616 | Lair:3   | 15616 ||| STAIRDANCE
 16157 | Lair:4   | 16157 ||| Stepping ~*~*~tactically~*~*~ (stealth).
 16167 | Lair:4   | Noticed Rupert
 16168 | Lair:4   | 16168 ||| INVOKING Trog's Hand.
 16170 | Lair:4   | 16170 ||| INVOKING Berserk.
 16179 | Lair:4   | Killed Rupert
 16184 | Lair:4   | 16184 ||| STAIRDANCE
 16269 | Lair:4   | 16269 ||| INVOKING Berserk.
 16299 | Lair:4   | 16299 ||| STAIRDANCE
 16415 | Lair:4   | 16415 ||| Stepping ~*~*~tactically~*~*~ (stealth).
 16491 | Lair:4   | 16491 ||| INVOKING Berserk.
 16520 | Lair:4   | 16520 ||| FLEEEEING.
 16521 | Lair:4   | 16521 ||| FLEEEEING.
 16522 | Lair:4   | 16522 ||| FLEEEEING.
 16523 | Lair:4   | 16523 ||| FLEEEEING.
 16524 | Lair:4   | 16524 ||| FLEEEEING.
 16525 | Lair:4   | 16525 ||| FLEEEEING.
 16526 | Lair:4   | 16526 ||| FLEEEEING.
 16527 | Lair:4   | 16527 ||| FLEEEEING.
 16765 | Lair:4   | 16765 ||| Stepping ~*~*~tactically~*~*~ (stealth).
 16766 | Lair:4   | 16766 ||| Stepping ~*~*~tactically~*~*~ (stealth).
 16767 | Lair:4   | 16767 ||| INVOKING Berserk.
 16977 | Lair:4   | Found a runed translucent gate.
 16977 | Lair:4   | Found a runed translucent gate.
 16980 | Lair:4   | 16980 ||| Stepping ~*~*~tactically~*~*~ (stealth).
 16981 | Lair:4   | 16981 ||| Stepping ~*~*~tactically~*~*~ (stealth).
 16982 | Lair:4   | 16982 ||| INVOKING Berserk.
 16986 | Lair:4   | Reached skill level 6 in Throwing
 17124 | Lair:4   | Noticed qw's ghost (journeyman FoCA)
 17125 | Lair:4   | Found a runed translucent gate.
 17261 | Lair:4   | Found a shimmering blue altar of Sif Muna.
 17337 | Lair:4   | 17337 ||| INVOKING Berserk.
 17356 | Lair:4   | HP: 30/125 [centaur/arrow (8)]
 17357 | Lair:4   | 17357 ||| READING 3 scrolls of teleportation.
 17358 | Lair:4   | 17358 ||| DRINKING 4 potions of heal wounds.
 17742 | Lair:4   | 17742 ||| Stepping ~*~*~tactically~*~*~ (hiding).
 17753 | Lair:4   | 17753 ||| Stepping ~*~*~tactically~*~*~ (hiding).
 17879 | Lair:4   | 17879 ||| READING scroll labelled LORUMI DILI.
 18098 | Lair:5   | Entered Level 5 of the Lair of Beasts
 18112 | Lair:5   | 18112 ||| INVOKING Berserk.
 18116 | Lair:5   | Reached skill level 15 in Fighting
 18120 | Lair:5   | Reached skill level 6 in Dodging
 18274 | Lair:5   | 18274 ||| Stepping ~*~*~tactically~*~*~ (stealth).
 18314 | Lair:5   | 18314 ||| INVOKING Berserk.
 18357 | Lair:5   | 18357 ||| Stepping ~*~*~tactically~*~*~ (stealth).
 18360 | Lair:5   | 18360 ||| Stepping ~*~*~tactically~*~*~ (stealth).
 18362 | Lair:5   | 18362 ||| Stepping ~*~*~tactically~*~*~ (stealth).
 18367 | Lair:5   | 18367 ||| Stepping ~*~*~tactically~*~*~ (stealth).
 18401 | Lair:5   | 18401 ||| Stepping ~*~*~tactically~*~*~ (stealth).
 18438 | Lair:5   | 18438 ||| INVOKING Berserk.
 18448 | Lair:5   | Identified the +1 ring mail of the Untouchables {Fly rF-
                  | Str+3}
 18510 | Lair:5   | Reached skill level 16 in Fighting
 18524 | Lair:5   | 18524 ||| INVOKING Berserk.
 18616 | Lair:5   | 18616 ||| INVOKING Berserk.
 18629 | Lair:5   | Reached XP level 14. HP: 137/137 MP: 13/13
 18816 | Lair:5   | 18816 ||| Stepping ~*~*~tactically~*~*~ (stealth).
 18827 | Lair:5   | 18827 ||| Stepping ~*~*~tactically~*~*~ (stealth).
 18984 | Lair:5   | 18984 ||| Stepping ~*~*~tactically~*~*~ (stealth).
 18985 | Lair:5   | 18985 ||| Stepping ~*~*~tactically~*~*~ (stealth).
 19035 | Lair:5   | 19035 ||| Stepping ~*~*~tactically~*~*~ (hiding).
 19036 | Lair:5   | 19036 ||| Stepping ~*~*~tactically~*~*~ (hiding).
 19204 | Lair:5   | Reached skill level 17 in Fighting
 19256 | Lair:5   | 19256 ||| INVOKING Brothers in Arms.
 19259 | Lair:5   | 19259 ||| SWAPPING to +0 hand axe of flaming.
 19260 | Lair:5   | 19260 ||| INVOKING Berserk.
 19262 | Lair:5   | Received a gift from Trog
 19270 | Lair:5   | 19270 ||| SWAPPING to +0 spectral broad axe.
 19458 | Lair:5   | 19458 ||| READING scroll of enchant weapon.
 19458 | Lair:5   | 19458 ||| ENCHANTING +0 spectral broad axe.
 19589 | Lair:5   | 19589 ||| Stepping ~*~*~tactically~*~*~ (stealth).
 19713 | Lair:5   | 19713 ||| FLEEEEING.
 19960 | Lair:5   | 19960 ||| Stepping ~*~*~tactically~*~*~ (stealth).
 20025 | Lair:5   | 20025 ||| FLEEEEING.
 20092 | Lair:5   | 20092 ||| INVOKING Brothers in Arms.
 20094 | Lair:5   | Found a staircase to the Slime Pits.
 20098 | Lair:5   | 20098 ||| INVOKING Berserk.
 20357 | Lair:5   | 20357 ||| PLANNING D:1-11
 20609 | D:11     | Noticed Snorg
 20614 | D:11     | 20614 ||| INVOKING Berserk.
 20616 | D:11     | Killed Snorg
 20780 | D:11     | 20780 ||| INVOKING Berserk.
 20804 | D:11     | Reached skill level 15 in Armour
 20947 | D:11     | Noticed Urug
 20948 | D:11     | 20948 ||| INVOKING Berserk.
 20951 | D:11     | Killed Urug
 21073 | D:11     | Noticed Fannar
 21094 | D:11     | Killed Fannar
 21206 | D:11     | 21206 ||| DRINKING 3 potions of cancellation.
 21391 | D:11     | 21391 ||| Stepping ~*~*~tactically~*~*~ (hiding).
 21528 | D:11     | 21528 ||| PLANNING D
 21833 | D:12     | 21833 ||| Stepping ~*~*~tactically~*~*~ (stealth).
 21849 | D:12     | Found a staircase to the Orcish Mines.
 22254 | D:13     | 22254 ||| Stepping ~*~*~tactically~*~*~ (hiding).
 22319 | D:13     | 22319 ||| Stepping ~*~*~tactically~*~*~ (stealth).
 22321 | D:13     | 22321 ||| Stepping ~*~*~tactically~*~*~ (stealth).
 22327 | D:13     | 22327 ||| Stepping ~*~*~tactically~*~*~ (hiding).
 22337 | D:13     | 22337 ||| INVOKING Berserk.
 22548 | D:13     | 22548 ||| Stepping ~*~*~tactically~*~*~ (stealth).
 22549 | D:13     | 22549 ||| Stepping ~*~*~tactically~*~*~ (stealth).
 22551 | D:13     | 22551 ||| Stepping ~*~*~tactically~*~*~ (hiding).
 22587 | D:13     | 22587 ||| INVOKING Brothers in Arms.
 22594 | D:13     | 22594 ||| INVOKING Berserk.
 22600 | D:13     | Reached skill level 18 in Fighting
 22681 | D:13     | 22681 ||| READING scroll labelled CAIVVIPHOYDEIBB.
 22698 | D:12     | 22698 ||| Stepping ~*~*~tactically~*~*~ (stealth).
 22699 | D:12     | 22699 ||| Stepping ~*~*~tactically~*~*~ (stealth).
 22907 | D:12     | Found a runed translucent door.
 22969 | D:12     | Found a burning altar of Makhleb.
 22996 | D:12     | Found a shimmering altar of Xom.
 23030 | D:12     | Found a white marble altar of Elyvilon.
 23139 | D:12     | Found a white marble altar of Elyvilon.
 23165 | D:12     | Found an ancient bone altar of Kikubaaqudgha.
 23214 | D:12     | Found a sparkling altar of Nemelex Xobeh.
 23412 | D:14     | Noticed Frances
 23413 | D:14     | 23413 ||| INVOKING Brothers in Arms.
 23414 | D:14     | 23414 ||| INVOKING Berserk.
 23420 | D:14     | Killed Frances
 23421 | D:14     | Reached XP level 15. HP: 149/149 MP: 14/14
 23554 | D:14     | 23554 ||| Stepping ~*~*~tactically~*~*~ (hiding).
 23555 | D:14     | 23555 ||| Stepping ~*~*~tactically~*~*~ (hiding).
 23688 | D:14     | Found a portal to a secret trove of treasure.
 23729 | D:14     | 23729 ||| Stepping ~*~*~tactically~*~*~ (stealth).
 23730 | D:14     | 23730 ||| Stepping ~*~*~tactically~*~*~ (stealth).
 23731 | D:14     | 23731 ||| Stepping ~*~*~tactically~*~*~ (stealth).
 23734 | D:14     | 23734 ||| INVOKING Trog's Hand.
 23740 | D:14     | 23740 ||| INVOKING Berserk.
 23741 | D:14     | Found a gate to the Vaults.
 23862 | D:14     | 23862 ||| Stepping ~*~*~tactically~*~*~ (stealth).
 24444 | D:14     | Reached skill level 9 in Throwing
 24461 | D:14     | Received a gift from Trog
 24464 | D:14     | 24464 ||| Stepping ~*~*~tactically~*~*~ (stealth).
 24475 | D:14     | 24475 ||| INVOKING Brothers in Arms.
 24478 | D:14     | 24478 ||| SWAPPING to +0 hand axe of flaming.
 24481 | D:14     | 24481 ||| SWAPPING to +1 spectral broad axe.
 24487 | D:14     | 24487 ||| INVOKING Berserk.
 24650 | D:14     | 24650 ||| DROPPING ring of positive energy.
 24651 | D:14     | 24651 ||| DROPPING ring of resist corrosion.
 24664 | D:15     | Entered Level 15 of the Dungeon
 24892 | D:15     | Found a staircase to the Depths.
 24892 | D:15     | Noticed a fire giant
 24893 | D:15     | 24893 ||| INVOKING Brothers in Arms.
 24923 | D:15     | HP: 16/150 [fire giant/bolt of fire (41)]
 24924 | D:15     | 24924 ||| READING 7 scrolls of teleportation.
 24925 | D:15     | 24925 ||| DRINKING 5 potions of heal wounds.
 25297 | D:15     | 25297 ||| INVOKING Brothers in Arms.
 25300 | D:15     | 25300 ||| INVOKING Berserk.
 25301 | D:15     | Killed a fire giant
 25307 | D:15     | 25307 ||| INVOKING Trog's Hand.
 25317 | D:15     | Reached skill level 19 in Fighting
 25454 | D:15     | 25454 ||| INVOKING Trog's Hand.
 25860 | D:15     | 25860 ||| PLANNING ORC
 25998 | Orc:1    | Entered Level 1 of the Orcish Mines
 26020 | Orc:1    | 26020 ||| Stepping ~*~*~tactically~*~*~ (hiding).
 26218 | Orc:1    | 26218 ||| Stepping ~*~*~tactically~*~*~ (hiding).
 26220 | Orc:1    | 26220 ||| Stepping ~*~*~tactically~*~*~ (hiding).
 26242 | Orc:1    | 26242 ||| Stepping ~*~*~tactically~*~*~ (stealth).
 26244 | Orc:1    | 26244 ||| Stepping ~*~*~tactically~*~*~ (hiding).
 26377 | Orc:1    | 26377 ||| Stepping ~*~*~tactically~*~*~ (stealth).
 26380 | Orc:1    | 26380 ||| Stepping ~*~*~tactically~*~*~ (stealth).
 26382 | Orc:1    | 26382 ||| Stepping ~*~*~tactically~*~*~ (stealth).
 26387 | Orc:1    | 26387 ||| Stepping ~*~*~tactically~*~*~ (stealth).
 26421 | Orc:1    | 26421 ||| INVOKING Berserk.
 26669 | Orc:2    | Entered Level 2 of the Orcish Mines
 26682 | Orc:2    | 26682 ||| Stepping ~*~*~tactically~*~*~ (hiding).
 26689 | Orc:2    | 26689 ||| Stepping ~*~*~tactically~*~*~ (stealth).
 26691 | Orc:2    | 26691 ||| Stepping ~*~*~tactically~*~*~ (stealth).
 26692 | Orc:2    | 26692 ||| Stepping ~*~*~tactically~*~*~ (hiding).
 26695 | Orc:2    | 26695 ||| Stepping ~*~*~tactically~*~*~ (hiding).
 26886 | Orc:2    | 26886 ||| Stepping ~*~*~tactically~*~*~ (hiding).
 26887 | Orc:2    | 26887 ||| Stepping ~*~*~tactically~*~*~ (hiding).
 26889 | Orc:2    | 26889 ||| Stepping ~*~*~tactically~*~*~ (hiding).
 26955 | Orc:2    | 26955 ||| INVOKING Berserk.
 26956 | Orc:2    | Noticed an orc warlord
 26974 | Orc:2    | Killed an orc warlord
 26978 | Orc:2    | 26978 ||| INVOKING Brothers in Arms.
 26978 | Orc:2    | Received a gift from Trog
 26980 | Orc:2    | Found Nuux's Antique Weapon Shoppe.
 27202 | Orc:2    | 27202 ||| DROPPING +0 hand axe of flaming.
 27210 | Orc:2    | Found Ituutumn's Antique Armour Emporium.
 27225 | Orc:2    | 27225 ||| SHOPLISTING fire dragon scales (1500 gold, have
                  | 1391).
 27225 | Orc:2    | 27225 ||| BUYING runed plate armour (650 gold).
 27225 | Orc:2    | Bought a runed plate armour for 650 gold pieces
 27225 | Orc:2    | 27225 ||| BUYING tower shield (112 gold).
 27225 | Orc:2    | Bought a tower shield for 112 gold pieces
 27286 | Orc:2    | 27286 ||| Stepping ~*~*~tactically~*~*~ (stealth).
 27355 | Orc:2    | Found a staircase to the Elven Halls.
 27503 | Orc:2    | 27503 ||| Stepping ~*~*~tactically~*~*~ (hiding).
 27510 | Orc:2    | Found Xainuol's Weapon Boutique.
 27511 | Orc:2    | 27511 ||| INVOKING Berserk.
 27782 | Orc:2    | 27782 ||| Stepping ~*~*~tactically~*~*~ (hiding).
 28007 | Orc:2    | 28007 ||| Stepping ~*~*~tactically~*~*~ (hiding).
 28054 | Orc:2    | 28054 ||| Stepping ~*~*~tactically~*~*~ (stealth).
 28056 | Orc:2    | 28056 ||| Stepping ~*~*~tactically~*~*~ (stealth).
 28058 | Orc:2    | 28058 ||| Stepping ~*~*~tactically~*~*~ (stealth).
 28067 | Orc:2    | 28067 ||| Stepping ~*~*~tactically~*~*~ (stealth).
 28069 | Orc:2    | 28069 ||| Stepping ~*~*~tactically~*~*~ (hiding).
 28071 | Orc:2    | 28071 ||| Stepping ~*~*~tactically~*~*~ (hiding).
 28072 | Orc:2    | 28072 ||| Stepping ~*~*~tactically~*~*~ (hiding).
 28141 | Orc:2    | 28141 ||| INVOKING Brothers in Arms.
 28146 | Orc:2    | 28146 ||| INVOKING Berserk.
 28148 | Orc:2    | Received a gift from Trog
 28277 | Orc:2    | 28277 ||| DROPPING +2 antimagic broad axe.
 28365 | Orc:2    | Found Tigrimniocs's Distillery.
 28373 | Orc:2    | 28373 ||| BUYING 2 potions of mutation (224 gold).
 28373 | Orc:2    | Bought 2 potions of mutation for 224 gold pieces
 28373 | Orc:2    | 28373 ||| BUYING potion of curing (42 gold).
 28373 | Orc:2    | Bought a potion of curing for 42 gold pieces
 28373 | Orc:2    | 28373 ||| BUYING potion of curing (42 gold).
 28373 | Orc:2    | Bought a potion of curing for 42 gold pieces
 28373 | Orc:2    | 28373 ||| BUYING potion of heal wounds (70 gold).
 28373 | Orc:2    | Bought a potion of heal wounds for 70 gold pieces
 28373 | Orc:2    | 28373 ||| BUYING potion of might (56 gold).
 28373 | Orc:2    | Bought a potion of might for 56 gold pieces
 28373 | Orc:2    | 28373 ||| BUYING potion of mutation (112 gold).
 28373 | Orc:2    | Bought a potion of mutation for 112 gold pieces
 28396 | Orc:2    | 28396 ||| PLANNING SPIDER:1-3
 28396 | Orc:2    | 28396 ||| UPGRADING to +3 plate armour of fire resistance.
 28406 | Orc:2    | 28406 ||| UPGRADING to +0 tower shield.
 28607 | Spider:1 | Entered Level 1 of the Spider Nest
 28616 | Spider:1 | Reached skill level 1 in Shields
 28688 | Spider:1 | Reached skill level 3 in Shields
 28741 | Spider:1 | 28741 ||| INVOKING Brothers in Arms.
 28747 | Spider:1 | 28747 ||| INVOKING Brothers in Arms.
 28749 | Spider:1 | 28749 ||| INVOKING Brothers in Arms.
 28750 | Spider:1 | 28750 ||| INVOKING Brothers in Arms.
 28751 | Spider:1 | 28751 ||| INVOKING Brothers in Arms.
 28751 | Spider:1 | HP: 36/155 [steelbarb worm (5)]
 28752 | Spider:1 | 28752 ||| READING 6 scrolls of teleportation.
 28753 | Spider:1 | 28753 ||| DRINKING 5 potions of heal wounds.
 28754 | Spider:1 | 28754 ||| INVOKING Berserk.
 28757 | Spider:1 | HP: 57/232 [barbs]
 28763 | Spider:1 | HP: 43/232 [tarantella (3)]
 28770 | Spider:1 | HP: 16/232 [steelbarb worm (11)]
 28773 | Spider:1 | Annihilated by a boulder beetle

Levels and vault maps discovered:
D:1:      ebering_hopf_link, layout_basic
D:2:      layout_basic, minivault_24
D:3:      layout_basic, lemuel_zombie_altar_yredelemnul,
          nicolae_overflow_ecumenical_swirl, ebering_ghost_gozag, serial_glass,
          glass_columns_a, glass_columns_b, glass_columns_b, glass_columns_a,
          glass_columns_c, glass_columns_b, glass_columns_c, glass_columns_b,
          glass_columns_a, glass_columns_b, glass_columns_a, glass_columns_a,
          glass_columns_b, glass_columns_a, st_stairs_7, kennysheep_nondescript,
          uniq_ijyb, uniq_crazy_yiuf_cottage
D:4:      layout_basic, minmay_temple_entry_drinking_statues, minmay_ruptured,
          uniq_duvessa, uniq_grinder, uniq_edmund
D:5:      layout_cave_pools, trog_three_pillars_becter, enter_ossuary_2
D:6:      layout_loops_ring, grunt_temple_overflow_opulence, lemuel_round_altar,
          ebering_ghost_sewer_d
D:7:      minmay_cornered_nines, layout_cave_pools, xom_confusion_cloud,
          lemuel_crystal_altar, serial_bayou_lake_a
D:8:      layout_rooms, good_gods_mini_temple, grunt_qazlal_sundering,
          serial_shops, nicolae_shop_waterfront, nicolae_shop_hallway_stairs,
          chequers_serial_rivers_micro_e, minmay_curled_crystal, uniq_maurice
D:9:      layout_layer_cave, uniq_harold
D:10:     minmay_the_grid_octo_2x2 [minmay_the_grid_octo_clover,
          minmay_the_grid_octo_thin_diamonds,
          minmay_the_grid_octo_vomiting_pacman,
          minmay_the_grid_octo_prize_square_snowflake], layout_stronghold,
          cheibriados_altar_2, lair_entry_dummy, serial_shops,
          nicolae_shop_stone, dk_noncrumbling_4
D:11:     layout_loops_ring, uniq_urug, uniq_snorg, uniq_fannar
D:12:     due_megacathedral, layout_basic, minmay_orc_entry_temple_small
D:13:     layout_rooms
D:14:     hangedman_arrow_trap, layout_rooms, david_vaults_2,
          nicolae_trove_entry_crossroad, minmay_misc_feat_chi, uniq_frances
D:15:     grunt_enter_depths_giant_problem, layout_gridville
Lair:1:   layout_small_grid, basic_altar, grunt_megastairs_1, uniq_grum
Lair:2:   layout_regular_city, minmay_swamp_entry_reptiles,
          ebering_ghost_rock_garden
Lair:3:   layout_cave_pods, spider_nest_entry_rubble
Lair:4:   layout_hall_layers, gammafunk_ghost_hydra_chop, lemuel_centaur_altar,
          grunt_megastairs_2, uniq_rupert
Lair:5:   minmay_lair_end_frog_pond, layout_layer_cave,
          minmay_slime_entry_oklob_enclosed
Spider:1: layout_spider_delve, guppyfry_hornet_nest
Orc:1:    cheibrodos_orc_arena, layout_caves, nicolae_orc_crystal_geode
Orc:2:    grunt_orc_community_town_hall, layout_caves,
          grunt_orc_community_big_house_1, grunt_orc_community_big_house_1,
          grunt_orc_community_house_3, grunt_orc_community_house_2,
          grunt_orc_community_house_1, grunt_orc_community_house_2,
          grunt_orc_community_house_1, grunt_orc_community_house_3

Skill      XL: |  1  2  3  4  5  6  7  8  9 10 11 12 13 14 15 |
---------------+----------------------------------------------+-----
Axes           | 4 5 7 9 10 12 14 15 16 18 | 18.0
Throwing       | 1 3 6 8 9 |  9.0
Fighting       | 4 5 7 8 9 12 14 16 18 19 | 19.8
Armour         | 3 6 8 11 12 14 16 17 | 17.0
Dodging        | 4 5 6 7 8 |  8.0
Shields        | 5 |  5.4

Action                   |  1- 3 |  4- 6 |  7- 9 | 10-12 | 13-15 || total
-------------------------+-------+-------+-------+-------+-------++-------
Melee: Hand axe          |    49 |    46 |       |    17 |     5 ||   117
       Headbutt          |     6 |    11 |    45 |   113 |   186 ||   361
       Punch             |       |     1 |     4 |     9 |     5 ||    19
       War axe           |       |    16 |   315 |   220 |       ||   551
       Broad axe         |       |       |       |   225 |   808 ||  1033
Throw: Javelin           |    20 |    23 |    38 |     3 |   107 ||   191
       Boomerang         |       |       |       |       |    91 ||    91
Invok: Berserk           |     1 |     5 |     6 |    17 |    28 ||    57
       Trog's Hand       |       |       |     1 |       |     4 ||     5
       Brothers in Arms  |       |       |       |     4 |    11 ||    15
  Use: Scroll            |     6 |     3 |    12 |    12 |     7 ||    40
       Potion            |     1 |     2 |     6 |       |     4 ||    13
 Stab: Distracted        |       |       |       |     1 |     8 ||     9
Armor: Animal skin       |     2 |       |       |       |       ||     2
       Scale mail        |    13 |    17 |       |       |       ||    30
       Chain mail        |       |     5 |    42 |       |       ||    47
       Ring mail         |       |       |    29 |       |       ||    29
       Plate armour      |       |       |    68 |   212 |   313 ||   593
Dodge: Dodged            |    24 |    22 |   111 |   217 |   703 ||  1077
Block: Tower shield      |       |       |       |       |    34 ||    34

Table legend:
 A = Non-vault XP
 B = Vault XP
 C = Vault XP percentage of total XP
 D = Non-vault monster count
 E = Vault monster count
 F = Vault count percentage of total count
                 A         B        C        D         E       F
            +---------+---------+-------+---------+---------+-------
      Total |   96133 |   54142 |  36.0 |     608 |     257 |  29.7
            +---------+---------+-------+---------+---------+-------
        D:1 |      19 |       0 |   0.0 |      13 |       0 |   0.0
        D:2 |      67 |       0 |   0.0 |      20 |       0 |   0.0
        D:3 |     275 |      79 |  22.3 |      23 |       4 |  14.8
        D:4 |     551 |     819 |  59.8 |      28 |       7 |  20.0
        D:5 |    1138 |       0 |   0.0 |      21 |       0 |   0.0
        D:6 |    1430 |       0 |   0.0 |      28 |       0 |   0.0
        D:7 |    1310 |    1744 |  57.1 |      15 |       9 |  37.5
        D:8 |     826 |     409 |  33.1 |      17 |       1 |   5.6
        D:9 |    2346 |     897 |  27.7 |      11 |       1 |   8.3
       D:10 |    2290 |    8248 |  78.3 |      23 |      23 |  50.0
       D:11 |    5887 |    2570 |  30.4 |      13 |       3 |  18.8
       D:12 |    9928 |    1285 |  11.5 |     130 |      14 |   9.7
       D:13 |    6725 |       0 |   0.0 |      20 |       0 |   0.0
       D:14 |    5248 |   10124 |  65.9 |      15 |      16 |  51.6
       D:15 |   11137 |    1316 |  10.6 |      18 |       1 |   5.3
     Lair:1 |    4543 |    1449 |  24.2 |      16 |       7 |  30.4
     Lair:2 |    3807 |     369 |   8.8 |      16 |       4 |  20.0
     Lair:3 |    6060 |     248 |   3.9 |      24 |       1 |   4.0
     Lair:4 |    8045 |    2737 |  25.4 |      32 |       6 |  15.8
     Lair:5 |   11431 |   13655 |  54.4 |      37 |      46 |  55.4
   Spider:1 |    9001 |       0 |   0.0 |      28 |       0 |   0.0
      Orc:1 |     589 |    1414 |  70.6 |       9 |      15 |  62.5
      Orc:2 |    3480 |    6443 |  64.9 |      51 |      73 |  58.9
    Ossuary |       0 |     336 | 100.0 |       0 |      26 | 100.0
            +---------+---------+-------+---------+---------+-------
